MWL
CEDAR RAPIDS CARDINALS @ DANVILLE VETERANS
05/18/1982
 
TOP OF THE 1ST
Cedar Rapids Cardinals batting - Pitching for Danville Veterans : LHP Donald Johnson
Pitching: LHP Donald Johnson
Batting: RHB Nehames Bernstine 0-0: Ball
1-0: Swinging Strike
1-1: Foul Ball, location: 2F
1-2: Strikes out swinging
Batting: RHB Miguel Sosa 0-0: Called Strike
0-1: Ball
1-1: Fly out, F8 (Flyball, 8RXD, EV 102.5 MPH)
Batting: RHB Reggie D Williams 0-0: Ball
1-0: Ball
2-0: Fly out, F8 (Line Drive, 8RD, EV 98.8 MPH)
Top of the 1st over - 0 runs, 0 hits, 0 errors, 0 left on base; Cedar Rapids 0 - Danville 0
BOTTOM OF THE 1ST
Danville Veterans batting - Pitching for Cedar Rapids Cardinals : RHP John Chomin
Pitching: RHP John Chomin
Batting: RHB Henry Janssen 0-0: Foul Ball, location: 2F
0-1: Fly out, F3 (Flyball, 34D, EV 85.6 MPH)
Batting: SHB Donnie Hill 0-0: Ball
1-0: Foul Ball, location: 2F
1-1: Ball
2-1: Foul Ball, location: 2F
2-2: Ball
3-2: Ground out 4-3 (Groundball, 34, EV 86.3 MPH)
Batting: LHB Mark Salas 0-0: Foul Ball, location: 2F
0-1: Ball
1-1: Ball
2-1: Fly out, F8 (Flyball, 8RM, EV 83.1 MPH)
Bottom of the 1st over - 0 runs, 0 hits, 0 errors, 0 left on base; Cedar Rapids 0 - Danville 0
TOP OF THE 2ND
Cedar Rapids Cardinals batting - Pitching for Danville Veterans : LHP Donald Johnson
Batting: RHB Winston Ficklin 0-0: Ground out 4-3 (Groundball, 4, EV 92.5 MPH)
Batting: RHB Mark Poole 0-0: Ground out 6-3 (Groundball, 6, EV 88.1 MPH)
Batting: SHB Bryan Hoppie 0-0: Called Strike
0-1: Foul Ball, location: 2F
0-2: Ball
1-2: Fly out, F9 (Flyball, 9LS, EV 86.3 MPH)
Top of the 2nd over - 0 runs, 0 hits, 0 errors, 0 left on base; Cedar Rapids 0 - Danville 0
BOTTOM OF THE 2ND
Danville Veterans batting - Pitching for Cedar Rapids Cardinals : RHP John Chomin
Batting: RHB Barry Brunenkant 0-0: Called Strike
0-1: Fly out, F6 (Flyball, 6D, EV 95.0 MPH)
Batting: RHB Robert Gauci 0-0: Ball
1-0: Ball
2-0: Called Strike
2-1: Ball
3-1: Base on Balls
Batting: RHB Ed Saavedra 0-0: Ball
1-0: Ball
2-0: Fly out, F9 (Flyball, 9S, EV 93.8 MPH)
Batting: RHB Vincent Pone 0-0: Fly out, F9 (Flyball, 89D, EV 92.5 MPH)
Bottom of the 2nd over - 0 runs, 0 hits, 0 errors, 1 left on base; Cedar Rapids 0 - Danville 0
TOP OF THE 3RD
Cedar Rapids Cardinals batting - Pitching for Danville Veterans : LHP Donald Johnson
Batting: RHB Dean Kornacker 0-0: Called Strike
0-1: Ball
1-1: Called Strike
1-2: Foul Ball, location: 2F
1-2: Ball
2-2: Fly out, F4 (Popup, 34S, EV 71.9 MPH)
Batting: LHB Robert O'Leath 0-0: Ball
1-0: Ball
2-0: Called Strike
2-1: Ball
3-1: Base on Balls
Batting: SHB Duane Johnson 0-0: Foul Ball, location: 2F
0-1: Ball
1-1: Fielders Choice at 2nd, 4-6 (Groundball, 34, EV 88.1 MPH)
Batting: RHB Nehames Bernstine 0-0: Called Strike
0-1: Ball
1-1: Foul Ball, location: 2F
1-2: Foul Ball, location: 2F
1-2: Strikes out swinging
Top of the 3rd over - 0 runs, 0 hits, 0 errors, 1 left on base; Cedar Rapids 0 - Danville 0
BOTTOM OF THE 3RD
Danville Veterans batting - Pitching for Cedar Rapids Cardinals : RHP John Chomin
Batting: RHB Jeff Moronko 0-0: Called Strike
0-1: Ball
1-1: Fly out, F8 (Flyball, 8LD, EV 90.6 MPH)
Batting: RHB Jeff Hall 0-0: Called Strike
0-1: Called Strike
0-2: Ball
1-2: Foul Ball, location: 2F
1-2: Ball
2-2: Foul Ball, location: 2F
2-2: Strikes out swinging
Batting: RHB Henry Janssen 0-0: Swinging Strike
0-1: Fly out, F7 (Line Drive, 7, EV 106.3 MPH)
Bottom of the 3rd over - 0 runs, 0 hits, 0 errors, 0 left on base; Cedar Rapids 0 - Danville 0
TOP OF THE 4TH
Cedar Rapids Cardinals batting - Pitching for Danville Veterans : LHP Donald Johnson
Batting: RHB Miguel Sosa 0-0: Ball
1-0: Swinging Strike
1-1: Ball
2-1: Foul Ball, location: 2F
2-2: Ground out 5-3 (Groundball, 56S, EV 72.5 MPH)
Batting: RHB Reggie D Williams 0-0: Ball
1-0: Called Strike
1-1: SINGLE (Line Drive, 7S, EV 91.9 MPH)
Batting: RHB Winston Ficklin 0-0: Ball
1-0: Ball
Reggie D Williams steals 2nd base
2-0: Called Strike
2-1: Ball
3-1: Called Strike
3-2: Ground out U3 (Groundball, 34, EV 106.9 MPH)
Reggie D Williams to third
Batting: RHB Mark Poole 0-0: Ball
1-0: Foul Ball, location: 2F
1-1: Foul Ball, location: 2F
1-2: Ground out 4-3 (Groundball, 4M, EV 84.4 MPH)
Top of the 4th over - 0 runs, 1 hit, 0 errors, 1 left on base; Cedar Rapids 0 - Danville 0
BOTTOM OF THE 4TH
Danville Veterans batting - Pitching for Cedar Rapids Cardinals : RHP John Chomin
Batting: SHB Donnie Hill 0-0: Ball
1-0: Ball
2-0: Swinging Strike
2-1: Ground out 5-3 (Groundball, 56, EV 100.0 MPH)
Batting: LHB Mark Salas 0-0: Called Strike
0-1: Foul Ball, location: 2F
0-2: Foul Ball, location: 2F
0-2: Ground out 1-3 (Groundball, 15S, EV 72.5 MPH)
Batting: RHB Barry Brunenkant 0-0: Fly out, F5 (Popup, 5SF, EV 75.0 MPH)
Bottom of the 4th over - 0 runs, 0 hits, 0 errors, 0 left on base; Cedar Rapids 0 - Danville 0
TOP OF THE 5TH
Cedar Rapids Cardinals batting - Pitching for Danville Veterans : LHP Donald Johnson
Batting: SHB Bryan Hoppie 0-0: Foul Ball, location: 2F
0-1: Fly out, F9 (Line Drive, 9D, EV 99.4 MPH)
Batting: RHB Dean Kornacker 0-0: Foul Ball, location: 2F
0-1: Foul Ball, location: 2F
0-2: Strikes out swinging
Batting: LHB Robert O'Leath 0-0: Foul Ball, location: 2F
0-1: Called Strike
0-2: Ball
1-2: Strikes out swinging
Top of the 5th over - 0 runs, 0 hits, 0 errors, 0 left on base; Cedar Rapids 0 - Danville 0
BOTTOM OF THE 5TH
Danville Veterans batting - Pitching for Cedar Rapids Cardinals : RHP John Chomin
Batting: RHB Robert Gauci 0-0: SINGLE (Groundball, 56D, EV 107.5 MPH)
Batting: RHB Ed Saavedra 0-0: Called Strike
0-1: SINGLE (Groundball, 6MD, EV 96.3 MPH)
Robert Gauci to second
Runner from 2nd tries for 3rd, SAFE, no throw by CF
Batting: RHB Vincent Pone 0-0: Ball
1-0: Called Strike
1-1: Called Strike
1-2: Strikes out looking
Batting: RHB Jeff Moronko 0-0: Called Strike
0-1: Fly out, F7 (Flyball, 7S, EV 77.5 MPH)
Batting: RHB Jeff Hall 0-0: DOUBLE (Line Drive, 89D, EV 102.5 MPH)
Robert Gauci scores
Ed Saavedra to third
Batting: RHB Henry Janssen 0-0: Ball
1-0: Ball
2-0: Called Strike
2-1: Foul Ball, location: 2F
2-2: Foul Ball, location: 2F
2-2: Ground out 6-3 (Groundball, 6, EV 90.6 MPH)
Bottom of the 5th over - 1 run, 3 hits, 0 errors, 2 left on base; Cedar Rapids 0 - Danville 1
TOP OF THE 6TH
Cedar Rapids Cardinals batting - Pitching for Danville Veterans : LHP Donald Johnson
Batting: SHB Duane Johnson 0-0: Ball
1-0: Ball
2-0: Swinging Strike
2-1: Ball
3-1: Swinging Strike
3-2: Ground out 3-1 (Groundball, 34, EV 88.8 MPH)
Batting: RHB Nehames Bernstine 0-0: Ball
1-0: Foul Ball, location: 2F
1-1: Ground out 6-3 (Groundball, 56, EV 102.5 MPH)
Batting: RHB Miguel Sosa 0-0: Ball
1-0: Ground out 6-3 (Groundball, P, EV 78.1 MPH)
Top of the 6th over - 0 runs, 0 hits, 0 errors, 0 left on base; Cedar Rapids 0 - Danville 1
BOTTOM OF THE 6TH
Danville Veterans batting - Pitching for Cedar Rapids Cardinals : RHP John Chomin
Batting: SHB Donnie Hill 0-0: Called Strike
0-1: Fly out, F9 (Flyball, 89M, EV 86.9 MPH)
Batting: LHB Mark Salas 0-0: Ball
1-0: Foul Ball, location: 2F
1-1: Foul Ball, location: 2F
1-2: Foul Ball, location: 2F
1-2: Ball
2-2: Ground out 4-3 (Groundball, 4, EV 79.4 MPH)
Batting: RHB Barry Brunenkant 0-0: Ball
1-0: Swinging Strike
1-1: Called Strike
1-2: Strikes out swinging
Bottom of the 6th over - 0 runs, 0 hits, 0 errors, 0 left on base; Cedar Rapids 0 - Danville 1
TOP OF THE 7TH
Cedar Rapids Cardinals batting - Pitching for Danville Veterans : LHP Donald Johnson
Batting: RHB Reggie D Williams 0-0: Fly out, F8 (Flyball, 8RXD, EV 108.8 MPH)
Batting: RHB Winston Ficklin 0-0: Ball
1-0: Foul Ball, location: 2F
1-1: Ball
2-1: Called Strike
2-2: Ball
3-2: Foul Ball, location: 2F
3-2: Base on Balls
Batting: RHB Mark Poole 0-0: Ball
1-0: Called Strike
1-1: Ball
2-1: SINGLE (Line Drive, 9S, EV 97.5 MPH)
Winston Ficklin to second
Runner from 2nd tries for 3rd, SAFE, throw by RF made to third
Batting: SHB Bryan Hoppie 0-0: Foul Ball, location: 2F
0-1: Foul Ball, location: 2F
0-2: Foul Ball, location: 2F
0-2: Ball
1-2: Fielders Choice at 2nd, 4-6 (Groundball, 4, EV 89.4 MPH)
Winston Ficklin scores
Batting: RHB Dean Kornacker 0-0: Ground out 4-3 (Groundball, 34, EV 88.1 MPH)
Top of the 7th over - 1 run, 1 hit, 0 errors, 1 left on base; Cedar Rapids 1 - Danville 1
BOTTOM OF THE 7TH
Danville Veterans batting - Pitching for Cedar Rapids Cardinals : RHP John Chomin
Batting: RHB Robert Gauci 0-0: Called Strike
0-1: Ball
1-1: Swinging Strike
1-2: Foul Ball, location: 2F
1-2: Fly out, F9 (Flyball, 8RM, EV 92.5 MPH)
Batting: RHB Ed Saavedra 0-0: Called Strike
0-1: Fly out, F8 (Line Drive, 8LM, EV 86.9 MPH)
Batting: RHB Vincent Pone 0-0: Swinging Strike
0-1: Ball
1-1: Ball
2-1: Fly out, F8 (Line Drive, 8RD, EV 98.1 MPH)
Bottom of the 7th over - 0 runs, 0 hits, 0 errors, 0 left on base; Cedar Rapids 1 - Danville 1
TOP OF THE 8TH
Cedar Rapids Cardinals batting - Pitching for Danville Veterans : LHP Donald Johnson
Batting: LHB Robert O'Leath 0-0: Called Strike
0-1: Fly out, F7 (Flyball, 78M, EV 89.4 MPH)
Batting: SHB Duane Johnson 0-0: Ground out U3 (Groundball, 3, EV 86.9 MPH)
Batting: RHB Nehames Bernstine 0-0: Ball
1-0: Swinging Strike
1-1: Fly out, F8 (Line Drive, 8RM, EV 92.5 MPH)
Top of the 8th over - 0 runs, 0 hits, 0 errors, 0 left on base; Cedar Rapids 1 - Danville 1
BOTTOM OF THE 8TH
Danville Veterans batting - Pitching for Cedar Rapids Cardinals : RHP John Chomin
Batting: RHB Jeff Moronko 0-0: Swinging Strike
0-1: Foul Ball, location: 2F
0-2: Ball
1-2: Fly out, F7 (Flyball, 7, EV 84.4 MPH)
Batting: RHB Jeff Hall 0-0: SINGLE (Flyball, 89S, EV 90.0 MPH)
Batting: RHB Henry Janssen 0-0: Called Strike
0-1: Ball
1-1: Foul Ball, location: 2F
1-2: Ball
2-2: Foul Ball, location: 2F
2-2: Ball
3-2: Strikes out swinging
Jeff Hall steals 2nd base
Batter strikes out.
Batting: SHB Donnie Hill 0-0: Called Strike
0-1: Swinging Strike
0-2: Foul Ball, location: 2F
0-2: Ball
1-2: Ball
2-2: Ball
3-2: Base on Balls
Batting: LHB Mark Salas 0-0: Foul Ball, location: 2F
0-1: Ball
1-1: Fly out, F8 (Line Drive, 8RM, EV 95.6 MPH)
Bottom of the 8th over - 0 runs, 1 hit, 0 errors, 2 left on base; Cedar Rapids 1 - Danville 1
TOP OF THE 9TH
Cedar Rapids Cardinals batting - Pitching for Danville Veterans : LHP Donald Johnson
Batting: RHB Miguel Sosa 0-0: Called Strike
0-1: Ball
1-1: Ball
2-1: Fly out, F6 (Flyball, 56D, EV 93.8 MPH)
Batting: RHB Reggie D Williams 0-0: Ball
1-0: Ball
2-0: SINGLE (Line Drive, 89M, EV 96.9 MPH)
Batting: RHB Winston Ficklin 0-0: Ball
1-0: Ball
2-0: Called Strike
2-1: Foul Ball, location: 2F
2-2: Strikes out looking
Batting: RHB Mark Poole 0-0: Ball
1-0: Ball
2-0: Called Strike
2-1: Called Strike
2-2: Foul Ball, location: 2F
2-2: Ground out 1-3 (Groundball, 15S, EV 63.8 MPH)
Top of the 9th over - 0 runs, 1 hit, 0 errors, 1 left on base; Cedar Rapids 1 - Danville 1
BOTTOM OF THE 9TH
Danville Veterans batting - Pitching for Cedar Rapids Cardinals : RHP John Chomin
Batting: RHB Barry Brunenkant 0-0: Ball
1-0: Foul Ball, location: 2F
1-1: Ball
2-1: Foul Ball, location: 2F
2-2: Foul Ball, location: 2F
2-2: Ball
3-2: Fly out, F8 (Line Drive, 8LD, EV 96.3 MPH)
Batting: RHB Robert Gauci 0-0: Ball
1-0: Ball
2-0: Ball
3-0: Base on Balls
Batting: RHB Ed Saavedra 0-0: Grounds into double play, 4-6-3 (Groundball, 4, EV 82.5 MPH)
Bottom of the 9th over - 0 runs, 0 hits, 0 errors, 0 left on base; Cedar Rapids 1 - Danville 1
TOP OF THE 10TH
Cedar Rapids Cardinals batting - Pitching for Danville Veterans : LHP Donald Johnson
Batting: SHB Bryan Hoppie 0-0: Ball
1-0: Ball
2-0: Ball
3-0: Called Strike
3-1: Ground out 5-3 (Groundball, 56, EV 85.0 MPH)
Batting: RHB Dean Kornacker 0-0: Ball
1-0: Foul Ball, location: 2F
1-1: Ball
2-1: Foul Ball, location: 2F
2-2: Ball
3-2: Foul Ball, location: 2F
3-2: Foul Ball, location: 2F
3-2: Fly out, F8 (Flyball, 8RD, EV 96.9 MPH)
Pinch Hitting: RHB Ronald Grout 0-0: Foul Ball, location: 2F
0-1: Ball
1-1: Ball
2-1: Swinging Strike
2-2: Ground out 5-3 (Groundball, 56, EV 95.0 MPH)
Top of the 10th over - 0 runs, 0 hits, 0 errors, 0 left on base; Cedar Rapids 1 - Danville 1
BOTTOM OF THE 10TH
Danville Veterans batting - Pitching for Cedar Rapids Cardinals : RHP John Chomin
Pitching: RHP Jeffrey Musser
Now at 1B: Ronald Grout
Pinch Hitting: LHB Eric Bullock 0-0: Ball
1-0: Foul Ball, location: 2F
1-1: Ball
2-1: Called Strike
2-2: Strikes out swinging
Batting: RHB Jeff Moronko 0-0: Fly out, F9 (Line Drive, 9, EV 100.6 MPH)
Batting: RHB Jeff Hall 0-0: Ball
1-0: SINGLE (Groundball, P, EV 85.0 MPH) (infield hit)
Batting: RHB Henry Janssen 0-0: Called Strike
0-1: Ball
1-1: Fly out, F9 (Flyball, 9S, EV 70.0 MPH)
Bottom of the 10th over - 0 runs, 1 hit, 0 errors, 1 left on base; Cedar Rapids 1 - Danville 1
TOP OF THE 11TH
Cedar Rapids Cardinals batting - Pitching for Danville Veterans : LHP Donald Johnson
Now at 3B: Roosevelt Lett
Batting: SHB Duane Johnson 0-0: Swinging Strike
0-1: Ball
1-1: Ball
2-1: Foul Ball, location: 2F
2-2: Foul Ball, location: 2F
2-2: Foul Ball, location: 2F
2-2: Ground out 6-3 (Groundball, 6M, EV 87.5 MPH)
Batting: RHB Nehames Bernstine 0-0: Swinging Strike
0-1: Ball
1-1: Ground out 5-3 (Groundball, 56S, EV 88.1 MPH)
Batting: RHB Miguel Sosa 0-0: Ball
1-0: Called Strike
1-1: Foul Ball, location: 2F
1-2: Strikes out swinging
Top of the 11th over - 0 runs, 0 hits, 0 errors, 0 left on base; Cedar Rapids 1 - Danville 1
BOTTOM OF THE 11TH
Danville Veterans batting - Pitching for Cedar Rapids Cardinals : RHP Jeffrey Musser
Batting: SHB Donnie Hill 0-0: Ball
1-0: Foul Ball, location: 2F
1-1: Ball
2-1: Fly out, F6 (Flyball, 56D, EV 76.3 MPH)
Batting: LHB Mark Salas 0-0: Called Strike
0-1: Called Strike
0-2: Fly out, F5 (Popup, 5SF, EV 76.9 MPH)
Batting: RHB Barry Brunenkant 0-0: Foul Ball, location: 2F
0-1: Fly out, F1 (Line Drive, P, EV 65.0 MPH)
Bottom of the 11th over - 0 runs, 0 hits, 0 errors, 0 left on base; Cedar Rapids 1 - Danville 1
TOP OF THE 12TH
Cedar Rapids Cardinals batting - Pitching for Danville Veterans : LHP Donald Johnson
Batting: RHB Reggie D Williams 0-0: Ball
1-0: Ball
2-0: Foul Ball, location: 2F
2-1: Ball
3-1: Foul Ball, location: 2F
3-2: Foul Ball, location: 2F
3-2: Ground out U3 (Groundball, 3S, EV 78.1 MPH)
Batting: RHB Winston Ficklin 0-0: Called Strike
0-1: Fly out, F9 (Line Drive, 9, EV 88.8 MPH)
Batting: RHB Mark Poole 0-0: Ball
1-0: Foul Ball, location: 2F
1-1: Fly out, F8 (Flyball, 78M, EV 83.8 MPH)
Top of the 12th over - 0 runs, 0 hits, 0 errors, 0 left on base; Cedar Rapids 1 - Danville 1
BOTTOM OF THE 12TH
Danville Veterans batting - Pitching for Cedar Rapids Cardinals : RHP Jeffrey Musser
Batting: RHB Robert Gauci 0-0: Foul Ball, location: 2F
0-1: Ball
1-1: Ground out 1-3 (Groundball, 13S, EV 71.3 MPH)
Batting: RHB Ed Saavedra 0-0: Swinging Strike
0-1: Foul Ball, location: 2F
0-2: Strikes out swinging
Pinch Hitting: RHB Joseph Soprano 0-0: Ball
1-0: Foul Ball, location: 2F
1-1: Ball
2-1: Fly out, F8 (Line Drive, 8LD, EV 83.8 MPH)
Bottom of the 12th over - 0 runs, 0 hits, 0 errors, 0 left on base; Cedar Rapids 1 - Danville 1
TOP OF THE 13TH
Cedar Rapids Cardinals batting - Pitching for Danville Veterans : LHP Donald Johnson
Now at 3B: Tom Hayes
Batting: SHB Bryan Hoppie 0-0: Ball
1-0: Ground out 4-3 (Groundball, 4S, EV 90.0 MPH)
Batting: RHB Dean Kornacker 0-0: Ground out 4-3 (Groundball, 4, EV 87.5 MPH)
Batting: RHB Ronald Grout 0-0: Fly out, F9 (Flyball, 9D, EV 90.0 MPH)
Top of the 13th over - 0 runs, 0 hits, 0 errors, 0 left on base; Cedar Rapids 1 - Danville 1
BOTTOM OF THE 13TH
Danville Veterans batting - Pitching for Cedar Rapids Cardinals : RHP Jeffrey Musser
Batting: RHB Jeff Moronko 0-0: Called Strike
0-1: Swinging Strike
0-2: Ball
1-2: Strikes out swinging
Batting: RHB Jeff Hall 0-0: Called Strike
0-1: Ball
1-1: Ball
2-1: Foul Ball, location: 2F
2-2: Foul Ball, location: 2F
2-2: Strikes out swinging
Batting: RHB Henry Janssen 0-0: Called Strike
0-1: Ball
1-1: Swinging Strike
1-2: SINGLE (Line Drive, 4M, EV 103.1 MPH)
Pitching: RHP Donald Oliver
Batting: SHB Donnie Hill 0-0: Called Strike
0-1: Ball
1-1: Foul Ball, location: 2F
1-2: Fly out, F8 (Flyball, 78M, EV 81.3 MPH)
Bottom of the 13th over - 0 runs, 1 hit, 0 errors, 1 left on base; Cedar Rapids 1 - Danville 1
TOP OF THE 14TH
Cedar Rapids Cardinals batting - Pitching for Danville Veterans : LHP Donald Johnson
Batting: SHB Duane Johnson 0-0: Ground out 4-3 (Groundball, 4, EV 88.8 MPH)
Batting: RHB Nehames Bernstine 0-0: Called Strike
0-1: Foul Ball, location: 2F
0-2: Ball
1-2: Foul Ball, location: 2F
1-2: Foul Ball, location: 2F
1-2: Ball
2-2: DOUBLE (Line Drive, 9LM, EV 112.5 MPH)
Batting: RHB Miguel Sosa 0-0: Called Strike
0-1: Called Strike
0-2: Foul Ball, location: 2F
0-2: Strikes out looking
Batting: RHB Reggie D Williams 0-0: 2-RUN HOME RUN (Flyball, 78XD, EV 110.6 MPH), Distance : 411 ft
Batting: RHB Winston Ficklin 0-0: Ball
1-0: Ball
2-0: Ground out 6-3 (Groundball, 6, EV 89.4 MPH)
Top of the 14th over - 2 runs, 2 hits, 0 errors, 0 left on base; Cedar Rapids 3 - Danville 1
BOTTOM OF THE 14TH
Danville Veterans batting - Pitching for Cedar Rapids Cardinals : RHP Donald Oliver
Batting: LHB Mark Salas 0-0: Called Strike
0-1: Ball
1-1: DOUBLE (Line Drive, 78XD, EV 100.6 MPH)
Batting: RHB Barry Brunenkant 0-0: SINGLE (Groundball, P, EV 85.0 MPH) (infield hit)
Mark Salas to third
Batting: RHB Robert Gauci 0-0: Called Strike
0-1: Foul Ball, location: 2F
0-2: Ball
1-2: Foul Ball, location: 2F
1-2: Fly out, F7 (Flyball, 7LS, EV 81.9 MPH)
Batting: RHB Ed Saavedra 0-0: Swinging Strike
0-1: Ball
1-1: SINGLE (Groundball, 4MD, EV 99.4 MPH)
Mark Salas scores
Barry Brunenkant to second
Runner from 2nd tries for 3rd, SAFE, throw by CF made to third
Batting: RHB Tom Hayes 0-0: Ball
1-0: Ball
2-0: Ball
3-0: Base on Balls
Ed Saavedra to second
Batting: RHB Jeff Moronko 0-0: Called Strike
0-1: Foul Ball, location: 2F
0-2: Ball
1-2: Ball
2-2: Foul Ball, location: 2F
2-2: Ball
3-2: Fly out, F7 (Flyball, 78M, EV 80.0 MPH)
Batting: RHB Jeff Hall 0-0: Ground out 4-3 (Groundball, 4S, EV 85.0 MPH)
Bottom of the 14th over - 1 run, 3 hits, 0 errors, 3 left on base; Cedar Rapids 3 - Danville 2
Friday, July 31st, 2020 - OOTP Baseball 21.5 Build 76